 Dungeon Crawl Stone Soup version 0.29.0-13-gc9e81de378 (webtiles) character file.

Game seed: 3372948352798517110

4 TheUltimateLifeform the Ruffian (level 1, 0/16 HPs)
             Began as a Draconian Transmuter on Sept 11, 2022.
             Slain by a hobgoblin (1 damage)
             ... on level 1 of the Dungeon.
             The game lasted 00:07:48 (209 turns).

TheUltimateLifeform the Ruffian (DrTm)               Turns: 209, Time: 00:07:49

Health: 0/16       AC:  4    Str: 12    XL:     1   Next: 50%
Magic:  3/3        EV: 12    Int: 13    God:
Gold:   12         SH:  0    Dex: 11    Spells: 3/4 levels left

rFire   . . .      SeeInvis .   b - +0 dagger
rCold   . . .      Faith    .   (no shield)
rNeg    . . .      Spirit   .   (body armour unavailable)
rPois   .          Reflect  .   (helmet restricted)
rElec   .          Harm     .   (no cloak)
rCorr   .          Rampage  .   (no gloves)
Will    .....                   (no boots)
Stlth   +.........              (no amulet)
HPRegen 0.05/turn               (no ring)
MPRegen 0.08/turn               (no ring)

@: no status effects
A: AC +4, unfitting armour, cold-blooded
a: no special abilities


You were on level 1 of the Dungeon.
You visited 1 branch of the dungeon, and saw 1 of its levels.

You collected 12 gold pieces.

Inventory:

Hand Weapons
 b - a +0 dagger (weapon)
Missiles
 c - a stone
Potions
 a - a potion of lignification
 d - a potion of heal wounds {unknown}


   Skills:
 + Level 1.1 Fighting
 + Level 1.8 Dodging
 + Level 3.2 Unarmed Combat
 + Level 2.0 Spellcasting
 + Level 2.0 Transmutations


You had 3 spell levels left.
You knew the following spells:

 Your Spells              Type           Power      Damage    Failure   Level
a - Beastly Appendage     Tmut           12%        N/A       11%         1

Your spell library contained the following spells:

 Spells                   Type           Power      Damage    Failure   Level
 Wereblood                Tmut           6%         N/A       17%         2
 Spider Form              Tmut/Pois      3%         N/A       45%         3
 Ice Form                 Ice/Tmut       3%         N/A       86%         4


Dungeon Overview and Level Annotations

Branches:
Dungeon (1/15)

Altars:


Innate Abilities, Weirdness & Mutations

Your plain brown scales are hard. (AC +4)
You cannot fit into any form of body armour.
You are cold-blooded and may be slowed by cold attacks.


Message History

Sorry, you're not good enough to have a special ability.
You grow a pair of large bovine horns.
Your feet morph into talons.
Found a dagger and 12 gold pieces.
Found a yellow potion.
Your transformation is almost over.
Magic restored.
A kobold comes into view. It is wielding a +0 whip.
Your horns disappear.
Your talons disappear.
You now have 12 gold pieces.
There are no items here.
A hobgoblin comes into view.
The hobgoblin shouts!
You hear a shout!
A kobold comes into view. It is wielding a +0 short sword.
The kobold shouts!
A goblin comes into view. It is wielding a +0 dagger.
The goblin shouts!
You miss the kobold. The kobold hits you but does no damage.
You closely miss the kobold. The hobgoblin barely misses you.
The kobold barely misses you.
You closely miss the kobold. The hobgoblin barely misses you.
The kobold misses you.
You closely miss the kobold. The hobgoblin misses you.
The kobold hits you with a +0 whip.
You miss the kobold. The hobgoblin hits you. The kobold closely misses you.
You hit the kobold.
Your tail-slap misses the kobold.
The kobold is severely wounded.
The hobgoblin barely misses you. The kobold barely misses you.
The hobgoblin attacks as you move away! The hobgoblin barely misses you.
The kobold attacks as you move away! The kobold barely misses you.
The goblin attacks as you move away! The goblin closely misses you.
The goblin hits you but does no damage.
You see here a +0 dagger.
The hobgoblin attacks as you move away! The hobgoblin hits you.
You hit the hobgoblin but do no damage. The hobgoblin hits you.
* * * LOW HITPOINT WARNING * * *
You hit the hobgoblin but do no damage.
The hobgoblin hits you but does no damage.
The kobold barely misses you.
You barely miss the hobgoblin. The hobgoblin hits you.
You die...

.K#...#...#....#
#...#...#...#..#
..#...#...#....#
#...#...#...#.#
#...#...#...# .#
#...#...#...#.# .#
..#...#...#K!.# .#
#...#...#.gK#.# .#
..#...#.K.#g@.# ##.#
#...#...#...#.######..
..#...#...#........#.# #
..#...#..........#.###
#...#...............†##
..#..#............##†.##
.#.............####..####
...............# ##.....
####...........# #.....


You could see a hobgoblin, a goblin and 2 kobolds.

Vanquished Creatures
  An endoplasm (D:1)
  A hobgoblin (D:1)
  A ball python (D:1)
  A kobold (D:1)
4 creatures vanquished.

Notes
Turn   | Place    | Note
-------+----------+-------------------------------------------
     0 | D:1      | TheUltimateLifeform the Draconian Transmuter began the
                  | quest for the Orb.
     0 | D:1      | Reached XP level 1. HP: 16/16 MP: 3/3
   209 | D:1      | Slain by a hobgoblin

Illustrated notes

Levels and vault maps discovered:
D:1:      minmay_arrival_hallway, layout_basic, hex_large

Action                   || total
-------------------------++-------
Melee: Unarmed           ||    12
       Dagger            ||     9
       Tailslap          ||     1
 Cast: Beastly Appendage ||     1
Armor: Skin              ||     6
Dodge: Dodged            ||    23
